 Dungeon Crawl Stone Soup version 0.28-a0-1395-g4f6bc678fa (webtiles) character file.

Game seed: 8886231965857768088

3 HallandMoats the Skirmisher (level 1, 12/18 HPs)
             Began as a Mummy Monk on Jan 5, 2022.
             Was a Believer of Vehumet.
             Safely got out of the dungeon.
             The game lasted 00:00:47 (67 turns).

HallandMoats the Skirmisher (Mummy Monk)              Turns: 67, Time: 00:00:47

Health: 12/18      AC:  2    Str: 14    XL:     1   Next: 41%
Magic:  1/1        EV: 12    Int:  9    God:    Vehumet [**....]
Gold:   0          SH:  0    Dex: 14    Spells: 0/0 levels left

rFire   x . .      SeeInvis .   a - +0 hand axe
rCold   + . .      Faith    .   (no shield)
rNeg    + + +      Spirit   .   b - +0 robe
rPois   ∞          Reflect  .   (no helmet)
rElec   .          Harm     .   (no cloak)
rCorr   .          Rampage  .   (no gloves)
Will    .....                   (no boots)
Stlth   ++........              (no amulet)
HPRegen 0.06/turn               (no ring)
MPRegen 0.07/turn               (no ring)

@: no status effects
A: cold resistance 1, negative energy resistance 3, torment resistance 2, heat
vulnerability 1, no potions
a: Renounce Religion


You escaped.
You worshipped Vehumet.
Vehumet was pleased with you.
You visited 1 branch of the dungeon, and saw 1 of its levels.

Inventory:

Hand Weapons
 a - a +0 hand axe (weapon)
Armour
 b - a +0 robe (worn)


   Skills:
 * Level 3.0 Fighting
 * Level 2.4 Axes
 + Level 0.0 Armour
 + Level 2.4 Dodging
 - Level 1.5 Stealth
 * Level 0.2 Invocations


You couldn't memorise any spells.
You didn't know any spells.
Your spell library was empty.

Dungeon Overview and Level Annotations

Branches:
Dungeon (1/15)

Altars:
Vehumet


Innate Abilities, Weirdness & Mutations

You are immune to poison.
Your flesh is cold resistant. (rC+)
You are immune to negative energy. (rN+++)
You are immune to unholy pain and torment.
You are vulnerable to heat. (rF-)
You do not drink.


Message History

A ball python comes into view.
The bat hits you but does no damage. x2
Your unstable footing causes you to fumble your attack.
The ball python hisses angrily.
The bat barely misses you. The bat hits you. The bat closely misses you.
The ball python bites you. The ball python barely misses you.
Your unstable footing causes you to fumble your attack.
The bat barely misses you.
The ball python bites you but does no damage.
The ball python barely misses you.
You hit the ball python.
You kill the ball python!
The bat hits you but does no damage. The bat hits you but does no damage.
The bat hits you but does no damage. x2
You hit the bat.
The bat is heavily wounded.
The bat closely misses you.
No reachable target in view!
No reachable target in view!
You hit the bat.
The bat is severely wounded.
The bat closely misses you.
You barely miss the bat.
The bat is moderately wounded.
The bat closely misses you. The bat barely misses you.
You hit the bat.
You kill the bat!
There is a faded altar of an unknown god here.
You cannot tell which god this altar belongs to.
Convert to them anyway?
Vehumet accepts your prayer! Vehumet welcomes you!
You can now gain magical power from killing.
Vehumet offers you knowledge of Foxfire.
You enter the shallow water.
Moving in this stuff is going to be slow.
There is a staircase leading out of the dungeon here.
Are you sure you want to leave the Dungeon?
This will make you lose the game!
You have escaped!

...##.....##
..$........##
.####.#.....## .#
#.##...).## .
#..##.....## .
..#.##.....##
#.##.##.....########
#.# #.##..8.........
..# #.##...@.......
#..>.........
#.....########
#.....## #.....##
#.....## .....#
....#


There were no monsters in sight!

Vanquished Creatures
  2 bats (D:1)
  A ball python (D:1)
3 creatures vanquished.

Notes
Turn   | Place    | Note
-------+----------+-------------------------------------------
     0 | D:1      | HallandMoats the Mummy Monk began the quest for the Orb.
     0 | D:1      | Reached XP level 1. HP: 18/18 MP: 1/1
    20 | D:1      | Found a faded altar of an unknown god.
    45 | D:1      | Prayed at the altar of an unknown god.
    45 | D:1      | Became a worshipper of Vehumet
    45 | D:1      | Reached * piety under Vehumet
    45 | D:1      | Offered knowledge of Foxfire by Vehumet.
    45 | D:1      | Reached ** piety under Vehumet
    67 | D:$      | Safely got out of the dungeon.

Illustrated notes

Levels and vault maps discovered:
D:1:      psy_arrival_spokes, layout_loops_ring, serial_rivers,
          chequers_serial_rivers_micro_a, chequers_serial_rivers_micro_a,
          chequers_serial_rivers_room_b, chequers_serial_rivers_micro_e,
          chequers_serial_rivers_large_a, chequers_serial_rivers_micro_c,
          chequers_ecumenical_altar_island

Action                   || total
-------------------------++-------
Melee: Hand axe          ||    14
Armor: Robe              ||    12
Dodge: Dodged            ||    16

Table legend: (Time is in decaauts)
 A = Elapsed time spent in this place.
 B = Non-inter-level travel time spent in this place.
 C = Inter-level travel time spent in this place.
 D = Time resting spent in this place.
 E = Time spent auto-exploring this place.
 F = Levels seen in this place.
 G = Mean time per level.
                   A        B        C        D        E       F      G
               +--------+--------+--------+--------+--------+-----+--------+
         Total |     74 |     53 |     21 |      0 |     15 |   1 |   74.0 |
       Dungeon |     74 |     53 |     21 |      0 |     15 |   1 |   74.0 |
               +--------+--------+--------+--------+--------+-----+--------+

Top non-repeatable levels by time:
     D:1: 74 daAuts
